 Dungeon Crawl Stone Soup version 0.22.0-38-g04b72b8 (webtiles) character file.

2036 Inarius the Fanfare of Bloodshed (level 9, -1/68 HPs)
             Began as a Demonspawn Gladiator on Aug 30, 2018.
             Was a Believer of Makhleb.
             Slain by an ogre
             ... wielding a +0 giant spiked club
              (19 damage)
             ... on level 7 of the Dungeon.
             The game lasted 00:12:52 (6457 turns).

Inarius the Fanfare of Bloodshed (DsGl)             Turns: 6457, Time: 00:12:53

Health: -1/68      AC: 23    Str: 18    XL:     9   Next: 4%
Magic:  13/13      EV:  7    Int: 10    God:    Makhleb [**....]
Gold:   328        SH:  5    Dex: 14    Spells: 8/8 levels left

rFire    . . .     SeeInvis .   e - +0 broad axe
rCold    . . .     Gourm    .   D - +0 buckler
rNeg     . . .     Faith    .   F - +0 plate armour
rPois    .         Spirit   .   c - +0 helmet
rElec    .         Reflect  .   (no cloak)
rCorr    .         Harm     .   g - +0 pair of gloves
MR       .....                  m - +0 pair of boots
Stlth    ..........             (no amulet)
HPRegen  0.21/turn              (no ring)
MPRegen  0.13/turn              (no ring)

@: sanguine armour
A: talons 1, nightstalker 2, sanguine armour 2
a: Minor Destruction, Renounce Religion


You were on level 7 of the Dungeon.
You worshipped Makhleb.
Makhleb was pleased with you.
You were not hungry.

You visited 2 branches of the dungeon, and saw 8 of its levels.

You collected 328 gold pieces.

Inventory:

Hand Weapons
 a - a +0 quarterstaff
 e - a +0 broad axe (weapon)
 y - a +2 flail of protection
Missiles
 d - 5 throwing nets (quivered)
Armour
 c - a +0 helmet (worn)
 g - a +0 pair of gloves (worn)
 m - a +0 pair of boots (worn)
 B - a +2 large shield
 D - a +0 buckler (worn)
 F - a +0 plate armour (worn)
Scrolls
 h - a scroll of fear
 i - 3 scrolls of remove curse
 j - a scroll of immolation
 k - 2 scrolls of magic mapping
 l - a scroll of enchant armour {unknown}
 n - a scroll of blinking {unknown}
 o - 4 scrolls of teleportation
 q - a scroll of identify
 t - 2 scrolls of enchant weapon
 w - a scroll of amnesia
 E - a scroll of random uselessness {unknown}
Potions
 b - 2 potions of heal wounds
 p - a potion of mutation
 r - a potion of invisibility
 s - a potion of cancellation
 u - 2 potions of might
 x - a potion of lignification
 z - a potion of flight
 A - a potion of magic
Comestibles
 f - 3 rations
 v - 2 chunks of flesh


   Skills:
 * Level 5.0 Fighting
 + Level 4.6(5.0) Axes
 + Level 2.6(5.0) Maces & Flails
 - Level 4.4(4.8) Staves
 - Level 1.7 Throwing
 + Level 3.3 Armour
 + Level 4.1 Dodging
 + Level 3.1 Shields
 * Level 5.9 Invocations


You had 8 spell levels left.
You didn't know any spells.
Your spell library contained the following spells:

 Spells                   Type           Power        Failure   Level  Hunger
 Freeze                   Ice            #...         100%        1    ##.....
 Throw Frost              Conj/Ice       #.....       100%        2    ###....
 Ozocubu's Armour         Chrm/Ice       #.......     100%        3    ####...
 Summon Ice Beast         Ice/Summ       #.......     100%        4    #####..
 Throw Icicle             Conj/Ice       #.......     100%        4    #####..


Dungeon Overview and Level Annotations

Branches:
Dungeon (7/15)             Temple (1/1) D:4

Altars:
Ashenzari
Cheibriados
Dithmenos
Elyvilon
Fedhas
Hepliaklqana
Kikubaaqudgha
Makhleb
Nemelex Xobeh
Okawaru
Qazlal
Ru
Sif Muna
Trog
Uskayaw
Vehumet
Wu Jian
Xom
Yredelemnul
Zin

Annotations:
D:6 1 runed door
D:7 3 runed doors, CaptainBugsquash's ghost, novice FoFi; TotesWizzard's ghost, novice VSBe


Innate Abilities, Weirdness & Mutations

You have sharp toenails.
You are significantly more attuned to the shadows.
When seriously injured, your bleeding wounds create thick armour. (AC +9)


Message History

Your plate armour prevents you from hitting the ogre.
The ogre is moderately wounded.
You closely miss the bullfrog.
The bullfrog hits you but does no damage. x2
The ogre completely misses you.
You closely miss the ogre.
The ogre is moderately wounded.
You hit the bullfrog.
You kill the bullfrog!
Makhleb accepts your kill.
The ogre hits you with a giant spiked club!
* * * LOW HITPOINT WARNING * * *
Press: ? - help, Shift-Dir - straight line, f - ogre
Aim: an ogre, wielding a giant spiked club (moderately wounded)
The puff of flame hits the ogre.
The ogre is severely wounded.
You slash the ogre!
The ogre is almost dead.
The ogre hits you with a giant spiked club!!
You die...

#.#####.....#...#.
#.# ##...######.
#.# ##.## #.... #.#
#.# #.... #.# #.#
#....
##.#######.####....
#..................
#.......##.#####..#
###.@.....# #...
#...O...).. #...
#.#.......# #...
#.........# ##..
#......... #..
......(..## #.#
#.......#.# #.#
#..<$...#.# #.# #..


You could see an ogre.

Vanquished Creatures
  A hungry ghost (D:7)
  Menkaure (D:6)
  2 orc warriors
  An ice beast (D:7)
  A phantom (D:6)
  An ogre (D:5)
  A centaur (D:7)
  2 bullfrogs
  2 scorpions
  A howler monkey (D:6)
  2 crimson imps (D:5)
  2 bullfrog zombies
  3 hounds
  3 orc priests
  7 orc wizards
  A bullfrog skeleton (D:6)
  A centaur skeleton (D:5)
  An iguana (D:5)
  3 worker ants
  2 hound skeletons
  4 worker ant zombies (D:5)
  8 adders
  7 gnolls
  An ooze (D:2)
  An adder zombie (D:5)
  An adder skeleton (D:4)
  6 worms
  A dart slug (D:1)
  4 leopard geckos
  18 orcs
  5 bats
  9 giant cockroaches
  4 goblins
  3 hobgoblins
  8 jackals
  2 quokkas
  9 frilled lizards
  8 kobolds
  A leopard gecko skeleton (D:4)
  2 leopard gecko zombies (D:5)
  8 rats
148 creatures vanquished.

Notes
Turn   | Place    | Note
-------+----------+-------------------------------------------
     0 | D:1      | Inarius the Demonspawn Gladiator began the quest for the Orb.
     0 | D:1      | Reached XP level 1. HP: 16/16 MP: 1/1
    46 | D:1      | Gained mutation: You have sharp toenails. [demonic ancestry]
    46 | D:1      | Reached XP level 2. HP: 21/22 MP: 2/2
   570 | D:2      | Reached XP level 3. HP: 24/27 MP: 3/3
  1023 | D:2      | Reached XP level 4. HP: 30/33 MP: 4/4
  1501 | D:3      | Found a deep blue altar of Sif Muna.
  1636 | D:3      | Reached skill level 1 in Armour
  1808 | D:3      | Gained mutation: When seriously injured, your bleeding wounds create armour. (AC +9) [demonic ancestry]
  1808 | D:3      | Reached XP level 5. HP: 33/39 MP: 5/5
  2242 | D:4      | Found a staircase to the Ecumenical Temple.
  2374 | Temple   | Entered the Ecumenical Temple
  2507 | Temple   | Became a worshipper of Makhleb the Destroyer
  2916 | D:4      | Reached skill level 1 in Invocations
  2947 | D:4      | Reached skill level 1 in Maces & Flails
  2954 | D:4      | Reached XP level 6. HP: 13/46 MP: 7/7
  3178 | D:4      | Found a white marble altar of Elyvilon.
  3409 | D:5      | Entered Level 5 of the Dungeon
  3570 | D:5      | Noticed an orc warrior
  3602 | D:5      | Killed an orc warrior
  3608 | D:5      | Gained mutation: You are slightly more attuned to the shadows. [demonic ancestry]
  3608 | D:5      | Reached XP level 7. HP: 41/52 MP: 7/9
  3955 | D:5      | Reached skill level 1 in Shields
  3956 | D:5      | Reached * piety under Makhleb
  3963 | D:5      | Reached skill level 1 in Axes
  4733 | D:6      | Gained mutation: You are significantly more attuned to the shadows. [demonic ancestry]
  4733 | D:6      | Reached XP level 8. HP: 60/60 MP: 11/11
  4967 | D:6      | Reached ** piety under Makhleb
  5138 | D:6      | Noticed Menkaure
  5145 | D:6      | Killed Menkaure
  5145 | D:6      | Reached skill level 5 in Invocations
  5236 | D:6      | Found a radiant altar of Vehumet.
  5236 | D:6      | Found a hazy altar of Hepliaklqana.
  5236 | D:6      | Found a snail-covered altar of Cheibriados.
  5518 | D:6      | Found a runed door.
  6402 | D:7      | Found a runed gate.
  6402 | D:7      | Found a runed gate.
  6402 | D:7      | Found a runed gate.
  6406 | D:7      | Noticed TotesWizzard's ghost (novice VSBe)
  6406 | D:7      | Noticed CaptainBugsquash's ghost (novice FoFi)
  6437 | D:7      | Reached skill level 5 in Fighting
  6437 | D:7      | Gained mutation: When seriously injured, your bleeding wounds create thick armour. (AC +9) [demonic ancestry]
  6437 | D:7      | Reached XP level 9. HP: 65/68 MP: 13/13
  6457 | D:7      | Slain by an ogre

Skill      XL: |  1  2  3  4  5  6  7  8 |
---------------+-------------------------+-----
Staves         | 3 4 |  4.4
Dodging        | 3 4 |  4.1
Armour         | 1 2 3 |  3.3
Invocations    | 2 3 4 5 |  5.9
Maces & Flails | 1 2 |  2.6
Fighting       | 3 5 |  5.0
Shields        | 2 3 |  3.1
Axes           | 2 4 |  4.6
Throwing       | |  1.7

Action                   |  1- 3 |  4- 6 |  7- 9 || total
-------------------------+-------+-------+-------++-------
Melee: Quarterstaff      |   101 |    73 |       ||   174
       Kick              |    12 |    39 |    53 ||   104
       Flail             |       |   111 |     1 ||   112
       Broad axe         |       |       |   361 ||   361
Invok: Minor Destruction |       |       |     4 ||     4
  Use: Potion            |       |     6 |       ||     6
       Scroll            |       |       |    12 ||    12
  Eat: Chunk             |       |     5 |    11 ||    16
       Ration            |       |     1 |       ||     1
Armor: Leather armour    |     5 |       |       ||     5
       Ring mail         |    22 |     8 |       ||    30
       Scale mail        |       |    98 |       ||    98
       Skin              |       |    72 |       ||    72
       Chain mail        |       |       |   206 ||   206
       Plate armour      |       |       |    76 ||    76
Dodge: Dodged            |    64 |   114 |    79 ||   257
Block: Large shield      |       |    21 |   255 ||   276
       Buckler           |       |       |    31 ||    31
